 Dungeon Crawl Stone Soup version 0.29.1-13-g9f3cf754e1 (webtiles) character file.

Game seed: 9572056731858949697

50 Exodus22XD the Poker (level 3, -3/27 HPs)
             Began as a Demonspawn Gladiator on Feb 5, 2023.
             Slain by Robin
             ... wielding a +2 whip of electrocution
              (19 damage)
             ... on level 2 of the Dungeon.
             The game lasted 00:01:33 (1516 turns).

Exodus22XD the Poker (Demonspawn Gladiator)         Turns: 1516, Time: 00:01:34

Health: -3/27      AC:  9    Str: 16    XL:     3   Next: 55%
Magic:  3/3        EV: 10    Int:  9    God:
Gold:   49         SH:  0    Dex: 14    Spells: 2/2 levels left

rFire   . . .      SeeInvis .   a - +0 trident
rCold   . . .      Faith    .   (no shield)
rNeg    . . .      Spirit   .   f - +0 scale mail
rPois   .          Reflect  .   c - +0 helmet
rElec   .          Harm     .   (no cloak)
rCorr   .          Rampage  .   (no gloves)
Will    .....                   (no boots)
Stlth   ..........              (no amulet)
HPRegen 0.09/turn               (no ring)
MPRegen 0.08/turn               (no ring)

@: no status effects
A: thin metallic scales 1
a: no special abilities


You were on level 2 of the Dungeon.
You visited 1 branch of the dungeon, and saw 2 of its levels.

You collected 49 gold pieces.

Inventory:

Hand Weapons
 a - a +0 trident (weapon)
Missiles
 d - 3 throwing nets (quivered)
 e - a javelin
Armour
 b - a +0 leather armour
 c - a +0 helmet (worn)
 f - a +0 scale mail (worn)
Jewellery
 g - an amulet of the acrobat
 j - a ring of wizardry
Scrolls
 i - 2 scrolls of fear
 k - a scroll of identify {unknown}
 l - a scroll of acquirement {unknown}
 m - a scroll of vulnerability {unknown}
 p - a scroll of teleportation {unknown}
Potions
 h - 2 potions of haste {unknown}
 n - 2 potions of curing {unknown}
 o - 2 potions of might {unknown}


   Skills:
 + Level 2.2 Fighting
 + Level 3.5 Polearms
 - Level 1.7 Throwing
 + Level 0.8 Armour
 + Level 3.1 Dodging


You had 2 spell levels left.
You didn't know any spells.
Your spell library was empty.

Dungeon Overview and Level Annotations

Branches:
Dungeon (2/15)

Altars:

Shops:
D:2 *

Annotations:
D:2 Robin


Innate Abilities, Weirdness & Mutations

You are partially covered in thin metallic scales. (AC +2)


Message History

You puncture the goblin!
You kill the goblin!
There is a stone staircase leading down here.
You see here a +0 dagger.
Key pressed, stopping explore.
Unknown command.
HP restored.
You see here a book of Debilitation.
Done exploring.
Unknown command.
There is a staircase leading out of the dungeon here.
There is a stone staircase leading down here.
You climb downwards.
Level annotation: Robin
There is a stone staircase leading up here.
No target in view!
No target in view!
No target in view!
No target in view!
Robin says, "My army is invincible!"
You barely miss Robin. Robin closely misses you.
You hit Robin.
Robin is moderately wounded.
Robin hits you with a +2 whip of electrocution.
Robin closely misses you.
You hit Robin but do no damage.
Robin is moderately wounded.
Robin barely misses you.
You barely miss Robin.
Robin is moderately wounded.
Robin hits you with a +2 whip of electrocution.
You are electrocuted!
You barely miss Robin.
Robin is moderately wounded.
Robin closely misses you.
You hit Robin.
Robin is moderately wounded.
Robin hits you but does no damage.
You are electrocuted!!
Ouch! That really hurt!
You die...

#.#........##......#
#.#.#####.###.######
#.#.# #.# #.# #.#.#
#.# #.### #...# #.#
#.#<#
..#######.###.#.#
............#.#.###
..#######.#.#.#.#.#
### #.#.#..g@.#
#.......#.#
####.#####.# #....#
#.# #.#### #.# #.#
#####.# #.# #.....#
#.# #.##### #.# #.#


You could see Robin.

Vanquished Creatures
  3 ball pythons
  2 endoplasms
  11 goblins
  6 hobgoblins
  8 jackals (D:1)
  3 bats
  2 frilled lizards (D:1)
  2 kobolds (D:2)
  4 rats
41 creatures vanquished.

Vanquished Creatures (others)
  7 plants (D:2)
7 creatures vanquished.

Grand Total: 48 creatures vanquished

Notes
Turn   | Place    | Note
-------+----------+-------------------------------------------
     0 | D:1      | Exodus22XD the Demonspawn Gladiator began the quest for the
                  | Orb.
     0 | D:1      | Reached XP level 1. HP: 16/16 MP: 1/1
   139 | D:1      | Gained mutation: You are partially covered in thin metallic
                  | scales. (AC +2) [demonic ancestry]
   139 | D:1      | Reached XP level 2. HP: 17/22 MP: 2/2
   707 | D:2      | Found Sistruecs's Assorted Antiques.
   732 | D:2      | Reached XP level 3. HP: 23/27 MP: 3/3
   936 | D:2      | Noticed Robin
  1516 | D:2      | Slain by Robin

Illustrated notes

Levels and vault maps discovered:
D:1:      psy_arrival_dodecagon, layout_rooms, serial_glass, glass_columns_a,
          glass_columns_b
D:2:      layout_basic, dreamdust_ecumenical_altar_angels_and_demons,
          serial_shops, shop, kennysheep_boxes, uniq_robin

Skill      XL: |  1  2 |
---------------+-------+-----
Polearms       | 3 |  3.5
Dodging        | 3 |  3.1
Fighting       | |  2.2
Throwing       | |  1.7
Armour         | |  0.8

Action                   || total
-------------------------++-------
Melee: Trident           ||   109
  Use: Scroll            ||     1
Armor: Scale mail        ||    70
Dodge: Dodged            ||    70
